 Dungeon Crawl Stone Soup version 0.28-a0-1447-ga5a8893891 (webtiles) character file.

Game seed: 1291778596056547500

85 croobank the Insei (level 4, -1/36 HPs)
             Began as a Draconian Transmuter on Jan 11, 2022.
             Slain by an orc wizard (3 damage)
             ... on level 6 of the Dungeon.
             The game lasted 00:07:43 (2292 turns).

croobank the Insei (Draconian Transmuter)           Turns: 2292, Time: 00:07:44

Health: -1/36      AC:  7    Str: 11 (13) XL:     4   Next: 25%
Magic:  6/7        EV: 12    Int: 10 (13) God:
Gold:   43         SH:  0    Dex: 11 (13) Spells: 5/8 levels left

rFire   + . .      SeeInvis .   a - +0 rapier
rCold   + . .      Faith    .   r - orb {light}
rNeg    . . .      Spirit   .   (armour unavailable)
rPois   +          Reflect  .   (helmet restricted)
rElec   +          Harm     .   (no cloak)
rCorr   +          Rampage  .   i - +0 pair of gloves
Will    .....                   h - +0 pair of boots
Stlth   ..........              (no amulet)
HPRegen 0.12/turn               (no ring)
MPRegen 0.10/turn               (no ring)

@: silenced, resistant, wereblooded (expiring), slowed, glowing, very slow
A: AC +5, unfitting armour, cold-blooded
a: no special abilities


You were on level 6 of the Dungeon.
You visited 1 branch of the dungeon, and saw 4 of its levels.

You collected 43 gold pieces.

Inventory:

Hand Weapons
 a - a +0 rapier (weapon)
 b - a +0 hunting sling
 m - a +0 spear
 n - a +0 hand axe
Missiles
 c - 83 stones
 e - 33 sling bullets
 g - 56 arrows
 o - 40 bolts
Armour
 h - a +0 pair of boots (worn)
 i - a +0 pair of gloves (worn)
 r - an orb of light (worn)
Magical Staves
 s - a staff of earth
Scrolls
 l - a scroll of teleportation {unknown}
Potions
 k - 2 potions of curing {unknown}
 p - a potion of lignification {unknown}
 q - a potion of ambrosia {unknown}
 t - a potion of flight {unknown}


   Skills:
 + Level 2.1 Fighting
 + Level 1.3 Short Blades
 + Level 2.3 Dodging
 - Level 3.0 Unarmed Combat
 + Level 2.5 Spellcasting
 + Level 2.7 Transmutations


You had 5 spell levels left.
You knew the following spells:

 Your Spells              Type           Power      Damage    Failure   Level
a - Beastly Appendage     Tmut           12%        N/A       10%         1
b - Wereblood             Tmut           6%         N/A       14%         2

Your spell library contained the following spells:

 Spells                   Type           Power      Damage    Failure   Level
 Spider Form              Tmut/Pois      3%         N/A       45%         3
 Ice Form                 Ice/Tmut       3%         N/A       86%         4


Dungeon Overview and Level Annotations

Branches:
Dungeon (3/15)

Altars:


Innate Abilities, Weirdness & Mutations

Your plain brown scales are hard. (AC +5)
You cannot fit into any form of body armour.
You are cold-blooded and may be slowed by cold attacks.


Message History

You howl as the wereblood boils in your veins!
The orc wizard misses you.
The ice beast hits you but does no damage.
The orc wizard closely misses you.
You closely miss the ice beast.
You feel less confused. The ice beast misses you.
The orc wizard closely misses you.
You hit the ice beast.
The ice beast is lightly wounded.
The ice beast barely misses you. The orc wizard closely misses you.
You hit the ice beast.
The ice beast is moderately wounded.
The ice beast closely misses you.
The orc wizard hits you with a +0 dagger.
You barely miss the ice beast.
You tail-slap the ice beast, but do no damage.
The ice beast is moderately wounded.
The ice beast barely misses you.
The orc wizard points at you and mumbles some strange words.
The puff of flame hits you!
You hit the ice beast but do no damage. You tail-slap the ice beast.
The ice beast is moderately wounded.
Your primal bloodlust is almost over.
The ice beast completely misses you. The orc wizard misses you.
The ice beast hits you but does no damage.
As you read the scroll labelled KUEXU NULIUHA, it crumbles to dust.
A profound silence engulfs you.
It was a scroll of silence.
The orc wizard closely misses you. The ice beast barely misses you.
Magic scrolls do not work when you're silenced!
It was a potion of degeneration.
There was something very wrong with that liquid.
You feel weakened.
You feel dopey.
You feel clumsy. The orc wizard closely misses you. The ice beast hits you.
* * * LOW HITPOINT WARNING * * *
The ice beast freezes you.
You feel yourself slow down.
* * * LOW HITPOINT WARNING * * *
It was a potion of resistance.
You feel protected.
The orc wizard hits you with a +0 dagger.
You die...

# # #.
..#.#
.....######
..........#
.......##@#
.......hoY#
..#....#.o#
.......#..#
##.....#..#
#..:..#..#
.......#..#
##.....#..#
+.....+..#
#


You could see a black bear (unsilenced), an ice beast, an orc wizard and an orc.

Vanquished Creatures
  3 adders
  2 worms (D:2)
  3 dart slugs
  2 orcs (D:6)
  3 endoplasms (D:2)
  4 giant cockroaches
  2 goblins
  5 hobgoblins
  2 jackals (D:2)
  3 quokkas (D:1)
  4 ball pythons
  4 bats
  2 frilled lizards (D:1)
  2 kobolds
  A rat (D:1)
42 creatures vanquished.

Notes
Turn   | Place    | Note
-------+----------+-------------------------------------------
     0 | D:1      | croobank the Draconian Transmuter began the quest for the
                  | Orb.
     0 | D:1      | Reached XP level 1. HP: 16/16 MP: 3/3
   482 | D:1      | Reached XP level 2. HP: 23/23 MP: 5/5
   575 | D:1      | Learned a level 2 spell: Wereblood
  1347 | D:2      | Reached XP level 3. HP: 26/29 MP: 6/6
  1605 | D:2      | Reached skill level 1 in Short Blades
  2057 | D:3      | Reached XP level 4. HP: 32/36 MP: 5/7
  2258 | D:3      | You fall into a shaft and drop 3 floors!
  2258 | D:6      | Noticed a black bear
  2261 | D:6      | Noticed an ice beast
  2292 | D:6      | Slain by an orc wizard

Illustrated notes

Levels and vault maps discovered:
D:1:      dpeg_arrival_radiant, layout_basic, minmay_cupped
D:2:      layout_basic
D:3:      layout_basic, general_overflow_altar, minmay_curled_crystal, uniq_ijyb
D:6:      layout_basic, ebering_ghost_rock_garden, uniq_maggie

Skill      XL: |  1  2  3 |
---------------+----------+-----
Dodging        | 2 |  2.3
Short Blades   | 1 |  1.3
Fighting       | 2 |  2.1
Unarmed Combat | |  3.0
Spellcasting   | |  2.5
Transmutations | |  2.7

Action                   |  1- 3 |  4- 6 || total
-------------------------+-------+-------++-------
Melee: Unarmed           |     6 |       ||     6
       Rapier            |    70 |    22 ||    92
       Kick              |    18 |     1 ||    19
       Headbutt          |    11 |     1 ||    12
       Tailslap          |     9 |     6 ||    15
       Punch             |     1 |       ||     1
 Cast: Beastly Appendage |    18 |     1 ||    19
       Wereblood         |     2 |     1 ||     3
  Use: Potion            |       |     2 ||     2
       Scroll            |       |     1 ||     1
Armor: Skin              |    23 |    11 ||    34
Dodge: Dodged            |    48 |    31 ||    79

Table legend: (Time is in decaauts)
 A = Elapsed time spent in this place.
 B = Non-inter-level travel time spent in this place.
 C = Inter-level travel time spent in this place.
 D = Time resting spent in this place.
 E = Time spent auto-exploring this place.
 F = Levels seen in this place.
 G = Mean time per level.
                   A        B        C        D        E       F      G
               +--------+--------+--------+--------+--------+-----+--------+
         Total |   2309 |   2266 |     43 |      2 |   1750 |   4 |  577.2 |
       Dungeon |   2309 |   2266 |     43 |      2 |   1750 |   4 |  577.2 |
               +--------+--------+--------+--------+--------+-----+--------+

Top non-repeatable levels by time:
     D:1: 1231 daAuts
     D:2: 837 daAuts
     D:3: 204 daAuts
     D:6: 35 daAuts
